 Dungeon Crawl Stone Soup version 0.26-a0-663-g36e8fdb655 (webtiles) character file.

Game seed: 12373159178501924393

48 strifetoe the Magician (level 3, -1/27 HPs)
             Began as a Palentonga Hedge Wizard on Oct 11, 2020.
             Slain by an adder (3 damage)
             ... on level 2 of the Dungeon.
             The game lasted 00:01:18 (2138 turns).

strifetoe the Magician (Palentonga Hedge Wizard)    Turns: 2138, Time: 00:01:18

Health: -1/27      AC:  5    Str: 13    XL:     3   Next: 50%
Magic:  7/7        EV: 10    Int: 15    God:
Gold:   76         SH:  0    Dex:  9    Spells: 7/8 levels left

rFire    . . .     SeeInvis +   f - +1 short sword (venom)
rCold    . . .     Faith    .   (no shield)
rNeg     . . .     Spirit   .   b - +0 robe
rPois    .         Reflect  .   c - +0 hat
rElec    .         Harm     .   e - +0 cloak
rCorr    .         Rampage  .   (no gloves)
MR       .....                  (no barding)
Stlth    +.........             (no amulet)
HPRegen  0.09/turn              (no ring)
MPRegen  0.10/turn              (no ring)

@: lethally poisoned (-1 -> -3)
A: large, rugged brown scales 3, see invisible, deformed body, roll, armoured
tail
a: Rolling Charge


You were on level 2 of the Dungeon.
You visited 1 branch of the dungeon, and saw 2 of its levels.

You collected 76 gold pieces.

Inventory:

Hand Weapons
 a - a +0 dagger
 f - a +1 short sword of venom (weapon)
Armour
 b - a +0 robe (worn)
 c - a +0 hat (worn)
 e - a +0 cloak (worn)
Scrolls
 d - 2 scrolls of remove curse {unknown}


   Skills:
 - Level 1.8 Dodging
 - Level 1.2 Stealth
 - Level 3.2 Spellcasting
 + Level 2.7 Conjurations
   Level 0.7 Summonings
   Level 1.0 Translocations


You had 7 spell levels left.
You knew the following spells:

 Your Spells              Type           Power        Failure   Level
a - Magic Dart            Conj           ##..         6%          1

Your spell library contained the following spells:

 Spells                   Type           Power        Failure   Level
 Blink                    Tloc           N/A          21%         2
 Call Imp                 Summ           #.......     22%         2
 Slow                     Hex            #.......     30%         2
 Conjure Flame            Conj/Fire      #.......     32%         3
 Mephitic Cloud           Conj/Pois/Air  #.......     38%         3


Dungeon Overview and Level Annotations

Branches:
Dungeon (2/15)

Altars:


Innate Abilities, Weirdness & Mutations

You are completely covered in rugged brown scales. (AC +3, +7% HP)
You have supernaturally acute eyesight. (SInv)
Armour fits poorly on your strangely shaped body.
You can roll at foes to attack.
You have a long armoured tail.


Message History

The adder barely misses you. x2
You miss the adder.
The adder is lightly wounded.
You feel sick. The adder closely misses you.
You miss the adder.
The adder is lightly wounded.
The adder bites you but does no damage.
Unknown command.
You miss the adder.
Your tail-slap misses the adder.
The adder is lightly wounded.
The adder bites you but does no damage. The adder bites you.
* * * LOW HITPOINT WARNING * * *
You barely miss the adder.
Your tail-slap misses the adder.
The adder is lightly wounded.
* * * LOW HITPOINT WARNING * * *
You feel sick. The adder closely misses you.
You miss the adder.
The adder is lightly wounded.
The adder bites you.
You die...

..............#
...............
.....###..#...##
#.#####.##.#.#
.....#..#....##
#...........
###g#......#
#####S##......
#..##@##......
#.##
##.....####.##
.....####.##.#
.# #.......#...
# ####.##.......
##..# ######..
#(.## .
######.##
##...รท..#


You could see an adder and a hobgoblin.

Vanquished Creatures
  2 adders
  An ufetubus (D:1)
  2 dart slugs
  3 giant cockroaches (D:1)
  2 hobgoblins (D:1)
  2 jackals (D:1)
  A bat (D:2)
  A frilled lizard (D:2)
  2 goblins (D:1)
  5 kobolds
  2 rats (D:1)
23 creatures vanquished.

Notes
Turn   | Place    | Note
-------+----------+-------------------------------------------
     0 | D:1      | strifetoe the Palentonga Hedge Wizard began the quest for
                  | the Orb.
     0 | D:1      | Reached XP level 1. HP: 14/14 MP: 4/4
   469 | D:1      | Reached skill level 1 in Conjurations
   585 | D:1      | Reached XP level 2. HP: 21/21 MP: 6/6
  1558 | D:1      | Reached XP level 3. HP: 10/27 MP: 3/7
  2138 | D:2      | Slain by an adder

Illustrated notes

Levels and vault maps discovered:
D:1:      co_arrival_random_square_maze, layout_basic, minmay_domino_2
D:2:      layout_rooms, gammafunk_temple_overflow_forgotten,
          minmay_fractal_squares_5

Skill      XL: |  1  2 |
---------------+-------+-----
Conjurations   | 1 2 |  2.7
Dodging        | |  1.8
Stealth        | |  1.2
Spellcasting   | |  3.2
Summonings     | |  0.7
Translocations | |  1.0

Action                   || total
-------------------------++-------
Melee: Dagger            ||    95
       Tailslap          ||    11
       Short sword       ||    21
 Cast: Magic Dart        ||    15
  Use: Potion            ||     1
Armor: Robe              ||    45
Dodge: Dodged            ||   111

Table legend: (Time is in decaauts)
 A = Elapsed time spent in this place.
 B = Non-inter-level travel time spent in this place.
 C = Inter-level travel time spent in this place.
 D = Time resting spent in this place.
 E = Time spent auto-exploring this place.
 F = Levels seen in this place.
 G = Mean time per level.
                   A        B        C        D        E       F      G
               +--------+--------+--------+--------+--------+-----+--------+
         Total |   2141 |   2123 |     18 |    976 |    912 |   2 | 1070.5 |
       Dungeon |   2141 |   2123 |     18 |    976 |    912 |   2 | 1070.5 |
               +--------+--------+--------+--------+--------+-----+--------+

Top non-repeatable levels by time:
     D:1: 1798 daAuts
     D:2: 343 daAuts
